 Dungeon Crawl Stone Soup version 0.23.2-1-ga50397a (webtiles) character file.

Game seed: 9681254692313176165

11330 Borgoz the Cleaver (level 11, -2/69 HPs)
             Began as a Gargoyle Gladiator on May 14, 2019.
             Was a Follower of Ashenzari.
             Slain by a sun demon (13 damage)
             ... summoned by an orc high priest
             ... in a bailey.
             The game lasted 00:15:43 (9228 turns).

Borgoz the Cleaver (Gargoyle Gladiator)             Turns: 9228, Time: 00:15:44

Health: -2/69      AC: 27    Str: 23    XL:     11   Next: 76%
Magic:  11/11      EV: 14    Int:  9    God:    Ashenzari [*.....]
Gold:   665        SH:  0    Dex: 17    Spells: 10/10 levels left

rFire    . . .     SeeInvis .   D - +4 executioner's axe (elec) (curse)
rCold    + . .     Gourm    .   (shield currently unavailable)
rNeg     + . .     Faith    .   L - +4 chain mail {rC+}
rPois    ∞         Spirit   .   c - +1 helmet
rElec    +         Reflect  .   k - scarf {repulsion}
rCorr    .         Harm     .   (no gloves)
MR       .....                  F - +1 pair of boots
Stlth    ..........             R - amulet of regeneration
HPRegen  0.61/turn              q - +3 ring of dexterity
MPRegen  0.12/turn              r - +4 ring of slaying

@: mighty, weakened, repel missiles
A: negative energy resistance 1, electricity resistance, unbreathing,
petrification resistance, rot immunity, AC +8
a: Curse Item, Scrying, Renounce Religion


You were in a bailey.
You worshipped Ashenzari.
Ashenzari was aware of your devotion.
You were not hungry.

You visited 1 branch of the dungeon, and saw 11 of its levels.
You also visited: Bailey.

You collected 665 gold pieces.

Inventory:

Hand Weapons
 D - a cursed +4 executioner's axe of electrocution (weapon)
 P - a +0 battleaxe
 Q - the +6 long sword "Mickohec" {slice, rF+}
   (You found it on level 9 of the Dungeon)

   It inflicts extra damage upon your enemies.
   It protects you from fire.
Missiles
 d - a throwing net (quivered)
Armour
 c - a +1 helmet (worn)
 k - a scarf of repulsion (worn)
 l - a +4 scale mail
 F - a +1 pair of boots (worn)
 L - a +4 chain mail of cold resistance (worn)
Jewellery
 q - a +3 ring of dexterity (left hand)
 r - a +4 ring of slaying (right hand)
 x - an uncursed ring of protection from cold
 z - a cursed ring of flight
 G - an uncursed ring of stealth
 R - an amulet of regeneration (around neck)
Wands
 v - a wand of polymorph (3)
 B - a wand of scattershot (10)
 E - a wand of digging (7)
 J - a wand of clouds (3)
 N - a wand of disintegration (20)
 O - a wand of enslavement (12)
Scrolls
 b - 5 scrolls of fear
 m - 3 scrolls of blinking
 p - 5 scrolls of remove curse
 y - 3 scrolls of teleportation
 H - 2 scrolls of amnesia
 M - a scroll of magic mapping
Potions
 e - 2 potions of agility
 g - 2 potions of invisibility
 h - 7 potions of curing
 i - 2 potions of magic
 j - 3 potions of might
 o - a potion of flight
 t - 2 potions of cancellation
 w - a potion of mutation
 A - 3 potions of haste
Comestibles
 a - 6 chunks of flesh
 f - 19 rations


   Skills:
 + Level 8.5 Fighting
 * Level 10.1 Axes
 - Level 1.7 Throwing
 + Level 8.1 Armour
 * Level 9.3 Dodging


You had 10 spell levels left.
You didn't know any spells.
Your spell library was empty.

Dungeon Overview and Level Annotations

Branches:
Dungeon (11/15)            Temple (0/1) D:4            Lair (0/6) D:8
    Orc (0/2) D:9

Altars:
Ashenzari
Dithmenos
Elyvilon
Gozag
Hepliaklqana
Nemelex Xobeh
Okawaru
Qazlal
Uskayaw
Vehumet
Wu Jian
Xom
Yredelemnul
Zin
The Shining One

Shops:
D:4 *


Innate Abilities, Weirdness & Mutations

You are resistant to torment.
Your stone body is resilient. (AC +8)
You are immune to poison.
You resist negative energy. (rN+)
You are resistant to electric shocks. (rElec)
You can survive without breathing.
You are immune to petrification.
You are immune to rotting.


Message History

The orc high priest hits you with a +0 broad axe.
You feel much better.
The sun demon hits you but does no damage. x2
The orange demon stings you but does no damage.
The sun demon hits you but does no damage. x2
You feel very mighty all of a sudden.
The orc high priest hits you but does no damage.
The orange demon stings you from afar.
The kobold demonologist looks encouraged for a moment.
The sun demon hits you but does no damage. x2
You closely miss the orc high priest.
The orc high priest is moderately wounded.
You closely miss the sun demon. You hit the sun demon but do no damage.
The sun demon hits you!
You are engulfed in flames!
* * * LOW HITPOINT WARNING * * *
The orc high priest hits you but does no damage.
The orange demon stings you from afar.
* * * LOW HITPOINT WARNING * * *
The sun demon hits you!
You die...

.........').⌠..# _.#
.........')....# ....#+#
...≈≈≈≈≈.#)....# ....#..
...≈≈≈≈≈.#''#####....#..
##.≈≈≈≈≈.#......#o3..#[
#≈≈≈≈≈≈.#...)..#gooK#
#≈≈≈≈≈######...o4gg####
#≈≈≈≈≈# #.8.838gog..
#≈≈≈≈≈# #..3@ogg#..
#≈≈≈≈≈# #######'#
#≈≈≈≈≈# .. #≈≈≈≈≈# ≈≈


You could see an orc high priest, 2 sun demons, an orange demon, a kobold
demonologist, a smoke demon, an orc warrior, a gnoll, 4 orcs, 4 hobgoblins and 2
goblins.

Vanquished Creatures
  A hydra (D:10)
  2 unseen horrors
  Pikel (D:7)
  A cyclops (D:9)
  An elephant (D:8)
  A kobold demonologist (D:10)
  A gargoyle (D:9)
  A shadow (D:11)
  7 yaks
  3 hogs (D:7)
  A wraith (D:10)
  A hungry ghost (D:9)
  A basilisk (D:8)
  A human (D:7)
  5 orc warriors
  2 sky beasts
  2 ice beasts
  7 phantoms
  A slave (D:7)
  5 centaurs
  7 ogres
  2 crocodiles (D:8)
  6 big kobolds (D:10)
  9 bullfrogs
  2 scorpions
  A wyvern skeleton (D:9)
  4 killer bees (D:10)
  2 electric eels (Bailey)
  5 howler monkeys
  2 bullfrog zombies
  4 crimson imps
  2 quasits
  3 jellies
  4 hounds
  2 centaur skeletons
  3 orc priests
  2 bullfrog skeletons
  4 orc wizards
  An iguana (D:11)
  Natasha (twice) (D:3)
  8 worker ants
  A killer bee zombie (D:5)
  8 ogre zombies (D:9)
  2 hound zombies
  2 hound skeletons
  3 worker ant zombies
  8 gnolls
  8 adders
  2 shadow imps
  3 oozes
  An adder skeleton (D:9)
  2 worms
  4 dart slugs
  9 leopard geckos
  33 orcs
  A ball python (D:1)
  12 bats
  6 giant cockroaches
  4 goblins
  6 hobgoblins
  9 jackals
  7 quokkas
  2 goblin skeletons (D:9)
  3 goblin zombies (D:9)
  A hobgoblin skeleton (D:9)
  4 hobgoblin zombies (D:9)
  15 kobolds
  3 orc skeletons (D:9)
  12 orc zombies (D:9)
  12 rats
  A plant (D:8)
304 creatures vanquished.

Vanquished Creatures (others)
  A hog (D:7)
  3 slaves (D:7)
4 creatures vanquished.

Grand Total: 308 creatures vanquished

Notes
Turn   | Place    | Note
-------+----------+-------------------------------------------
     0 | D:1      | Borgoz the Gargoyle Gladiator began the quest for the Orb.
     0 | D:1      | Reached XP level 1. HP: 12/12 MP: 1/1
   122 | D:1      | Reached XP level 2. HP: 15/18 MP: 2/2
   264 | D:1      | Reached skill level 3 in Axes
   740 | D:2      | Reached skill level 1 in Armour
   785 | D:2      | Reached XP level 3. HP: 20/22 MP: 3/3
   863 | D:2      | Found a stormy altar of Qazlal.
  1122 | D:2      | Reached XP level 4. HP: 17/27 MP: 4/4
  1256 | D:2      | Found a shimmering altar of Xom.
  1889 | D:3      | Reached XP level 5. HP: 32/32 MP: 5/5
  1969 | D:3      | Noticed Natasha
  1975 | D:3      | Killed Natasha
  2205 | D:3      | Noticed Natasha
  2214 | D:3      | Killed Natasha
  2365 | D:4      | Found a staircase to the Ecumenical Temple.
  2375 | D:4      | Found Geurut's General Store.
  2387 | D:4      | Reached skill level 4 in Axes
  2458 | D:4      | Noticed an orc warrior
  2473 | D:4      | Killed an orc warrior
  2473 | D:4      | Reached XP level 6. HP: 17/37 MP: 6/6
  2641 | D:4      | Noticed a phantom
  2654 | D:4      | Killed a phantom
  2683 | D:4      | Noticed a phantom
  2703 | D:4      | Killed a phantom
  2703 | D:4      | Reached XP level 7. HP: 38/42 MP: 7/7
  2763 | D:4      | Found an opulent altar of Gozag.
  2766 | D:4      | Found a shadowy altar of Dithmenos.
  2769 | D:4      | Found a glowing silver altar of Zin.
  2778 | D:4      | Found a hide-covered altar of Uskayaw.
  2957 | D:4      | Found a white marble altar of Elyvilon.
  3295 | D:5      | Entered Level 5 of the Dungeon
  3328 | D:5      | Reached skill level 5 in Axes
  3397 | D:5      | Reached XP level 8. HP: 33/48 MP: 8/8
  3402 | D:5      | Reached skill level 5 in Dodging
  4147 | D:6      | Reached skill level 6 in Axes
  4204 | D:6      | Reached skill level 5 in Fighting
  4750 | D:7      | Reached XP level 9. HP: 51/54 MP: 9/9
  4793 | D:7      | Noticed Pikel
  4811 | D:7      | Killed Pikel
  4811 | D:7      | Reached skill level 5 in Armour
  4818 | D:7      | Reached skill level 7 in Axes
  4973 | D:7      | Found a glowing golden altar of the Shining One.
  5499 | D:7      | Reached XP level 10. HP: 51/61 MP: 10/10
  5702 | D:8      | Reached skill level 8 in Axes
  5898 | D:8      | Found a staircase to the Lair.
  5898 | D:8      | Noticed an elephant
  5924 | D:8      | Killed an elephant
  6298 | D:8      | Found a basalt altar of Yredelemnul.
  6724 | D:9      | Found a staircase to the Orcish Mines.
  6887 | D:9      | Noticed a cyclops
  6891 | D:9      | Noticed a gargoyle
  6896 | D:9      | Killed a cyclops
  6901 | D:9      | Killed a gargoyle
  6901 | D:9      | Reached skill level 9 in Axes
  7076 | D:9      | Found a hazy altar of Hepliaklqana.
  7079 | D:9      | Found an iron altar of Okawaru.
  7089 | D:9      | Found a sparkling altar of Nemelex Xobeh.
  7089 | D:9      | Found a shattered altar of Ashenzari.
  7091 | D:9      | Found a glowing golden altar of the Shining One.
  7099 | D:9      | Became a worshipper of Ashenzari the Shackled
  7136 | D:9      | Found a stormy altar of Qazlal.
  7316 | D:9      | Reached XP level 11. HP: 58/67 MP: 11/11
  7357 | D:9      | Found an ornate altar of the Wu Jian Council.
  7516 | D:9      | Got the long sword "Mickohec" {slice, rF+}
  7607 | D:10     | Entered Level 10 of the Dungeon
  7670 | D:10     | Killed an unseen horror
  7910 | D:10     | Found a radiant altar of Vehumet.
  8030 | D:10     | HP: 3/68 [white imp[a kobold demonologist] (2)]
  8518 | D:10     | Noticed an eight-headed hydra
  8529 | D:10     | Killed a ten-headed hydra
  8714 | D:10     | Identified 2 scrolls of acquirement
  8921 | D:10     | Reached skill level 10 in Axes
  9026 | D:11     | Killed an unseen horror
  9084 | D:11     | Found a flagged portal.
  9105 | Bailey   | Entered a bailey
  9105 | Bailey   | Reached * piety under Ashenzari
  9160 | Bailey   | Identified the +6 long sword "Mickohec" {slice, rF+} (You
                  | found it on level 9 of the Dungeon)
  9214 | Bailey   | Noticed an orc high priest
  9217 | Bailey   | Found an iron altar of Okawaru.
  9218 | Bailey   | Noticed a sun demon
  9225 | Bailey   | Noticed a sun demon
  9228 | Bailey   | Slain by a sun demon

Skill      XL: |  1  2  3  4  5  6  7  8  9 10 11 |
---------------+----------------------------------+-----
Axes           | 3 4 5 6 7 9 10 | 10.1
Armour         | 1 2 3 4 6 7 8 |  8.1
Dodging        | 3 4 5 7 8 9 |  9.3
Fighting       | 3 4 5 6 7 8 |  8.5
Throwing       | |  1.7

Action                   |  1- 3 |  4- 6 |  7- 9 | 10-12 || total
-------------------------+-------+-------+-------+-------++-------
Melee: War axe           |    78 |   132 |   269 |   418 ||   897
       Battleaxe         |       |       |       |    50 ||    50
       Executioner's axe |       |       |       |     9 ||     9
Throw: Throwing net      |       |       |     2 |     3 ||     5
Evoke: Wand              |       |       |       |     9 ||     9
  Use: Scroll            |       |     3 |    10 |    16 ||    29
       Potion            |       |       |     1 |     5 ||     6
 Stab: Held in net/web   |       |       |     1 |     1 ||     2
  Eat: Chunk             |     1 |     5 |     6 |    11 ||    23
       Ration            |       |       |     1 |     1 ||     2
Armor: Leather armour    |    17 |       |       |       ||    17
       Scale mail        |    36 |    75 |   194 |   357 ||   662
       Chain mail        |       |       |       |    19 ||    19
Dodge: Dodged            |    66 |    89 |   251 |   431 ||   837
       Deflected         |     1 |     1 |     3 |     9 ||    14
